 Dungeon Crawl Stone Soup version 0.21.1-1-g345015f (webtiles) character file.

17 Monsterracer the Chiller (level 2, 0/17 HPs)
             Began as an Octopode Ice Elementalist on Feb 13, 2018.
             Slain by a rat (2 damage)
             ... on level 1 of the Dungeon.
             The game lasted 00:00:57 (479 turns).

Monsterracer the Chiller (Octopode Ice Elementalist) Turns: 479, Time: 00:00:57

Health: 0/17       AC:  1    Str:  7    XL:     2   Next: 62%
Magic:  0/5        EV: 13    Int: 17    God:
Gold:   56         SH:  0    Dex: 12    Spells: 2/5 levels left

rFire    . . .     SeeInvis .   (no weapon)
rCold    . . .     Gourm    .   (no shield)
rNeg     . . .     Faith    .   (helmet restricted)
rPois    .         Spirit   .   (no amulet)
rElec    .         Reflect  .   (no ring)
rCorr    .         Harm     .   (no ring)
MR       .....                  (no ring)
Stlth    +++.......             (no ring)
HPRegen  0.05/turn              (no ring)
MPRegen  0.09/turn              (no ring)
                                (no ring)
                                (no ring)

@: no status effects
A: almost no armour, stealthy swim, amphibious, 8 rings, constrict 8, camouflage
1, gelatinous body 1
a: no special abilities


You were on level 1 of the Dungeon.
You were not hungry.

You visited 1 branch of the dungeon, and saw 1 of its levels.

You collected 56 gold pieces.

Inventory:

Scrolls
 b - a scroll of amnesia {unknown}
Potions
 d - a potion of resistance {unknown}
Books
 a - a book of Frost

   Spells                             Type                      Level
   a - Freeze                         Ice                          1
   b - Throw Frost                    Conjuration/Ice              2
   c - Ozocubu's Armour               Charms/Ice                   3
   d - Throw Icicle                   Conjuration/Ice              4
   e - Summon Ice Beast               Ice/Summoning                4
Comestibles
 c - a ration


   Skills:
 - Level 2.0 Dodging
 - Level 2.6 Stealth
 + Level 2.3 Spellcasting
 - Level 1.0 Conjurations
 * Level 3.6 Ice Magic


You had 2 spell levels left.
You knew the following spells:

 Your Spells              Type           Power        Failure   Level  Hunger
a - Freeze                Ice            ##..         4%          1    #......
b - Throw Frost           Conj/Ice       #.....       11%         2    ###....


Dungeon Overview and Level Annotations

Branches:
Dungeon (1/15)

Altars:


Innate Abilities, Weirdness & Mutations

You cannot wear most types of armour.
You are very stealthy in the water. (Stealth+)
You are amphibious.
You can wear up to eight rings at the same time.
You can use your tentacles to constrict eight enemies at once.
Your skin changes colour to match your surroundings (Stealth+).
Your rubbery body absorbs attacks. (AC +1, EV +1)


Message History

Press: ? - help, Shift-Dir - straight line, f - frilled lizard
Aim: a frilled lizard You freeze the frilled lizard.
You kill the frilled lizard!
You now have 4/5 mp.
Casting: Freeze
Confirm with . or Enter, or press ? or * to list all spells.
You can't see any susceptible monsters within range! (Use Z to cast anyway.) Unknown command.
You see here a frilled lizard corpse.
A giant cockroach is nearby!
Things that are here:
a ration; a scroll labeled LEMOUM WELE A bat comes into view.
A kobold and a dart slug come into view.
Casting: Freeze
Confirm with . or Enter, or press ? or * to list all spells.
Aiming: Freeze
Press: ? - help, Shift-Dir - straight line, f - giant cockroach
Aim: a giant cockroach (clinging, resting)
You freeze the giant cockroach.
The giant cockroach is severely wounded.
The giant cockroach bites you.
You take 2 damage, and have 15/17 hp.
You now have 3/5 mp.
Casting: Freeze
Confirm with . or Enter, or press ? or * to list all spells.
Aiming: Freeze
Press: ? - help, Shift-Dir - straight line, f/p - giant cockroach
Aim: a giant cockroach (severely wounded, clinging)
You freeze the giant cockroach.
You kill the giant cockroach!
You now have 2/5 mp.
The kobold shouts!
The bat closely misses you. The dart slug launches a dart at you.
The slug dart hits you!
You take 5 damage, and have 10/17 hp.
MASSIVE DAMAGE!!
Casting: Freeze
Confirm with . or Enter, or press ? or * to list all spells.
Aiming: Freeze
Press: ? - help, Shift-Dir - straight line, f - dart slug
Aim: a dart slug (clinging)
You freeze the dart slug.
The dart slug is moderately wounded.
The bat barely misses you.
You now have 2/5 mp.
Casting: Freeze
Confirm with . or Enter, or press ? or * to list all spells.
Aiming: Freeze
Press: ? - help, Shift-Dir - straight line, f/p - dart slug
Aim: a dart slug (moderately wounded, clinging)
You freeze the dart slug.
The dart slug is almost dead.
The bat closely misses you. The dart slug bites you.
* * * LOW HITPOINT WARNING * * *
The kobold hits you.
* * * LOW HITPOINT WARNING * * *
A rat comes into view.
You take 6 damage, and have 4/17 hp.
MASSIVE DAMAGE!!
You now have 1/5 mp.
Casting: Freeze
Confirm with . or Enter, or press ? or * to list all spells.
Aiming: Freeze
Press: ? - help, Shift-Dir - straight line, f/p - dart slug
Aim: a dart slug (almost dead, clinging)
You freeze the dart slug.
You kill the dart slug!
The bat closely misses you. The kobold hits you.
* * * LOW HITPOINT WARNING * * *
You take 2 damage, and have 2/17 hp.
You now have 0/5 mp.
The bat hits you but does no damage. The kobold completely misses you.
Found 22 stones and 8 gold pieces.
The bat barely misses you. The bat closely misses you. The bat misses you.
The bat closely misses you. The bat barely misses you.
The bat barely misses you. The bat hits you but does no damage.
Casting: Freeze
Confirm with . or Enter, or press ? or * to list all spells.
Aiming: Freeze
Press: ? - help, Shift-Dir - straight line, f - bat
Aim: a bat You freeze the bat.
You kill the bat!
You now have 0/5 mp.
You barely miss the kobold. You grab the kobold.
You constrict the kobold, but do no damage.
The kobold hits you.
* * * LOW HITPOINT WARNING * * *
You take 1 damage, and have 2/17 hp.
You tentacle-slap the kobold but do no damage.
You constrict the kobold. The kobold misses you.
You barely miss the kobold.
The kobold is heavily wounded.
You constrict the kobold. The kobold closely misses you.
You tentacle-slap the kobold.
You kill the kobold!
You barely miss the rat. Your grab misses the rat. The rat closely misses you.
You barely miss the rat. Your grab misses the rat.
You squeeze the rat, but do no damage. The rat bites you.
You die...

#.#.#.........
...##
####.......###..
......
.............#.#
######
#####..####.#.#
#..###....#
#..##....%##
#..........######
#r#.........#...#
#@#.........†[..#
#.#.........#...#
#.##.......###.##
..###.....## #.#
### ##...## #.#
#### #.# #.#
#############.#
#.............#


You could see a rat.

Vanquished Creatures
  A dart slug (D:1)
  2 giant cockroaches (D:1)
  A goblin (D:1)
  A hobgoblin (D:1)
  3 bats (D:1)
  5 frilled lizards (D:1)
  2 kobolds (D:1)
  2 rats (D:1)
17 creatures vanquished.

Notes
Turn   | Place    | Note
-------+----------+-------------------------------------------
     0 | D:1      | Monsterracer the Octopode Ice Elementalist began the quest for the Orb.
     0 | D:1      | Reached XP level 1. HP: 11/11 MP: 3/3
   107 | D:1      | Reached XP level 2. HP: 15/17 MP: 5/5
   167 | D:1      | Learned a level 2 spell: Throw Frost
   465 | D:1      | HP: 7/17 [dart slug (3)]
   466 | D:1      | HP: 2/17 [kobold (2)]
   474 | D:1      | HP: 2/17 [kobold (1)]
   479 | D:1      | Slain by a rat

Action                   || total
-------------------------++-------
Melee: Unarmed           ||    33
       Tentacles         ||     8
       Constrict         ||     7
 Cast: Freeze            ||     7
       Throw Frost       ||     1
 Stab: Sleeping          ||     4
Armor: Skin              ||     5
Dodge: Dodged            ||    29

Vault maps used:
D:1:      evilmike_arrival_plus, minmay_pentomino_o2
